 Dungeon Crawl Stone Soup version 0.31.0-32-g396128a36d (webtiles) character file.

Game seed: 8424750719156634157

113530 Drachta the Imperceptible (level 17, -1/112 HPs)
             Began as a Kobold Enchanter on Mar 12, 2024.
             Was a Follower of Uskayaw.
             Slain by a +3 scimitar of electrocution (12 damage)
             ... on level 1 of the Elven Halls.
             The game lasted 01:42:29 (27910 turns).

Drachta the Imperceptible (Kobold Enchanter)       Turns: 27910, Time: 01:42:29

Health: -1/112     AC: 21    Str:  5    XL:     17   Next: 18%
Magic:  32/32      EV: 19    Int: 19    God:    Uskayaw [*.....]
Gold:   1817       SH:  5    Dex: 21    Spells: 25/38 levels left

rFire   . . .        t - +5 dagger (freeze)
rCold   + . .        Y - +0 buckler
rNeg    + . .        p - +4 ring mail "Zasis" {rC+ Regen+}
rPois   .            V - +2 hat {Stlth+}
rElec   .            (no cloak)
rCorr   .            J - +1 pair of gloves
SInv    .            j - +2 pair of boots
Will    ++...        B - amulet "Ifunumu" {Faith rN+ Will+ Slay+3}
Stlth   ++++++++++   e - +5 ring of evasion
HPRegen 1.18/turn    s - +4 ring of protection
MPRegen 0.23/turn

%: faith
@: invisible
A: small, no large weapons, nightstalker 3
a: Renounce Religion, Stomp


You were on level 1 of the Elven Halls.
You worshipped Uskayaw.
Uskayaw was aware of your devotion.
You visited 5 branches of the dungeon, and saw 24 of its levels.
You also visited: Sewer.

You collected 2322 gold pieces.
You spent 505 gold pieces at shops.

Inventory:

Hand Weapons
 m - a +2 vampiric dagger
 t - a +5 dagger of freezing (weapon)
 E - the +12 trident of Xupt {spect, Will+ Dex+4}
   (You found it on level 6 of the Dungeon)

   Dex+4:     It affects your dexterity (+4).
   Will+:     It increases your willpower.
 T - a +2 short sword of distortion
Missiles
 g - 4 throwing nets (quivered)
Armour
 j - a +2 pair of boots (worn)
 p - the +4 ring mail "Zasis" (worn) {rC+ Regen+}
   (You found it on level 4 of the Dungeon)

   rC+:       It protects you from cold.
   Regen+:    It increases your rate of health regeneration.
 J - a +1 pair of gloves (worn)
 V - a +2 hat of stealth (worn)
 Y - a +0 buckler (worn)
Jewellery
 e - a +5 ring of evasion (left hand)
 n - a ring of willpower
 s - a +4 ring of protection (right hand)
 z - a +6 ring of dexterity
 B - the amulet "Ifunumu" (around neck) {Faith rN+ Will+ Slay+3}
   (You found it on level 6 of the Dungeon)

   [amulet of faith]

   Faith:     It allows you to gain divine favour quickly.
   Slay+3:    It affects your accuracy & damage with ranged weapons and melee
   (+3).
   rN+:       It protects you from negative energy.
   Will+:     It increases your willpower.
 C - an amulet of regeneration
Wands
 b - a wand of flame (43)
 H - a wand of paralysis (32)
 K - a wand of mindburst (15)
 M - a wand of roots (17)
 S - a wand of polymorph (5)
Scrolls
 f - a scroll of torment
 h - 2 scrolls of brand weapon
 l - 6 scrolls of fog
 v - 5 scrolls of poison
 w - 3 scrolls of blinking
 x - 5 scrolls of identify
 y - 11 scrolls of teleportation
 A - 2 scrolls of amnesia
 F - 2 scrolls of immolation
 G - 2 scrolls of enchant armour
 N - 3 scrolls of enchant weapon
 O - a scroll of silence
 Q - a scroll of vulnerability
 U - 4 scrolls of revelation
 W - a scroll of acquirement {unknown}
 X - a scroll of fear
Potions
 a - 6 potions of haste
 c - 3 potions of invisibility
 d - 4 potions of berserk rage
 i - 4 potions of attraction
 k - 7 potions of curing
 o - 8 potions of lignification
 q - 15 potions of ambrosia
 r - 2 potions of mutation
 D - 2 potions of enlightenment
 I - a potion of resistance
 L - a potion of cancellation
 P - 2 potions of brilliance {unknown}
 R - 2 potions of magic
Miscellaneous
 Z - a phantom mirror


   Skills:
 * Level 14.4 Fighting
 + Level 9.8 Short Blades
 + Level 5.9 Armour
 + Level 7.0 Dodging
 - Level 24.0 Stealth
 + Level 0.8 Shields
 + Level 11.2 Spellcasting
 + Level 0.4 Conjurations
 + Level 10.5 Hexes
 * Level 1.2 Translocations
 + Level 9.0 Ice Magic
 + Level 8.0 Invocations


You had 25 spell levels left.
You knew the following spells:

 Your Spells              Type           Power      Damage    Failure   Level
a - Ensorcelled Hibernat  Hex/Ice        94%        N/A       1%          2
b - Confusing Touch       Hex            50%        N/A       1%          3
c - Tukima's Dance        Hex            50%        N/A       1%          3
d - Dazzling Flash        Conj/Hex       62%        N/A       16%         3
e - Blink                 Tloc           30%        N/A       41%         2

Your spell library contained the following spells:

 Spells                   Type           Power      Damage    Failure   Level
 Jinxbite                 Hex            100%       N/A       1%          2
 Sigil of Binding         Hex            50%        N/A       1%          3
 Inner Flame              Hex/Fire       30%        N/A       16%         3
 Magic Dart               Conj           48%        1d5       36%         1
 Dimensional Bullseye     Hex/Tloc       16%        N/A       38%         4
 Foxfire                  Conj/Fire      44%        2x1d6     41%         1
 Lesser Beckoning         Tloc           30%        N/A       41%         2
 Sandblast                Erth           20%        2d7       43%         1
 Anguish                  Hex/Necr       15%        N/A       47%         4
 Call Imp                 Summ           20%        N/A       58%         2
 Gell's Gravitas          Tloc           15%        N/A       65%         3
 Teleport Other           Tloc           15%        N/A       65%         3
 Stone Arrow              Conj/Erth      22%        3d8       78%         3
 Call Canine Familiar     Summ           10%        N/A       82%         3
 Fugue of the Fallen      Necr           10%        N/A       82%         3
 Yara's Violent Unravell  Hex/Alch       15%        3d8       83%         5
 Manifold Assault         Tloc           15%        N/A       96%         4
 Vhi's Electric Charge    Tloc/Air       24%        N/A       98%         4
 Animate Dead             Necr           10%        N/A       99%         4
 Flame Wave               Conj/Fire      11%        2d6       99%         4
 Leda's Liquefaction      Alch/Erth      5%         N/A       99%         4
 Sticky Flame             Fire/Alch      10%        2d5       99%         4
 Enfeeble                 Hex            25%        N/A       99%         7
 Arcjolt                  Conj/Air       5%         1d15      100%        5
 Irradiate                Conj/Alch      5%         3d13      100%        5
 Lee's Rapid Deconstruct  Erth           5%         3d6*      100%        5
 Summon Forest            Summ/Tloc      6%         N/A       100%        5
 Bombard                  Conj/Erth      5%         9d2       100%        6
 Dispersal                Tloc           7%         N/A       100%        6
 Plasma Beam              Fire/Air       5%         2x1d15    100%        6
 Haunt                    Necr/Summ      5%         N/A       100%        7
 Ignition                 Fire           5%         3d4       100%        8
 Infestation              Necr           5%         N/A       100%        8
 Maxwell's Capacitive Co  Air            5%         ∞         100%        8


Dungeon Overview and Level Annotations

Branches:
Dungeon (14/15)            Temple (1/1) D:7            Lair (5/5) D:9
  Swamp (0/4) Lair:2       Spider (0/4) Lair:3        Slime (0/5) Lair:4
    Orc (2/2) D:9             Elf (2/3) Orc:2        Vaults (0/5) D:13
  Sewer (visited)

Altars:
Ashenzari
Cheibriados
Dithmenos
Elyvilon
Fedhas
Gozag
Hepliaklqana
Kikubaaqudgha
Makhleb
Nemelex Xobeh
Okawaru
Qazlal
Ru
Sif Muna
Trog
Uskayaw
Vehumet
Wu Jian
Xom
Yredelemnul
Zin
The Shining One

Shops:
D:7 =   Orc:2 ?=(?

Annotations:
D:5 1 transporter


Innate Abilities, Weirdness & Mutations

You are small and have problems with some larger weapons.
You are completely attuned to the shadows.


Message History

You can no longer pass through a line of other dancers.
You hit the deep elf zephyrmancer but do no damage.
You block the +3 scimitar of electrocution's attack.
You hit the deep elf zephyrmancer. You freeze the deep elf zephyrmancer.
The deep elf zephyrmancer is lightly wounded.
The +3 scimitar of electrocution barely misses you.
The deep elf zephyrmancer attacks as it pursues you!
The deep elf zephyrmancer misses you.
The +3 scimitar of electrocution hits you!!
You are electrocuted!!
* * * LOW HITPOINT WARNING * * *
You feel much better.
The +3 scimitar of electrocution hits you.
The deep elf zephyrmancer barely misses you.
The +3 scimitar of electrocution hits you.
The deep elf zephyrmancer points at you and mumbles some strange words.
The bolt of lightning hits you!
* * * LOW HITPOINT WARNING * * *
There is a stone staircase leading up here.
The +3 scimitar of electrocution hits you!
* * * LOW HITPOINT WARNING * * *
The +3 scimitar of electrocution hits you!
* * * LOW HITPOINT WARNING * * *
You are electrocuted!
* * * LOW HITPOINT WARNING * * *
You climb upwards.
There is a stone staircase leading down here.
Blink to where?
Press: ? - help, Dir - move target
As you read the scroll of blinking, it crumbles to dust.
Okay, then.
Press: ? - help, v - describe, . - travel
Here: a +3 scimitar of electrocution The floor.
You fade into invisibility!
The +3 scimitar of electrocution barely misses you.
You miss the +3 scimitar of electrocution.
The +3 scimitar of electrocution hits you but does no damage.
You are electrocuted!
You die...

###############
#.............#
#..@..........#
#.(#######'#..#
#..#.......#..#
#..#.......+..#
#..#.......#..#
#..#.......#..#
#..#.......#..#
#..#.......#..#
#.>#########..#


You could see a +3 scimitar of electrocution (unable to see you).

Vanquished Creatures
  An orc warlord (Orc:2)
  An ironbound preserver (D:13)
  A vampire knight (D:13)
  A deep elf death mage (Elf:1)
  A dire elephant (Lair:5)
  The ghost of diceflayer the Spry, a journeyman DsGl of Dithmenos (D:12)
  Erolcha (Orc:2)
  The ghost of phunky83 the Gouger, a journeyman FeBe of Trog (Lair:1)
  4 hydras
  10 centaur warriors
  2 two-headed ogres
  4 ogre magi (Orc:2)
  A death knight (D:14)
  3 catoblepae
  A deep troll shaman (Lair:5)
  2 boulder beetles
  A dancing weapon (Elf:1)
  13 death yaks
  2 tengu warriors (D:14)
  Sonja (Orc:1)
  Nergalle (D:10)
  2 deep elf knights (Elf:1)
  A sun demon (D:12)
  2 skysharks (Lair:5)
  Amaemon (Lair:1)
  4 skeletal warriors (D:13)
  A deep elf archer (Elf:1)
  4 harpies (D:13)
  6 necromancers (D:13)
  2 deep elf zephyrmancers (Elf:1)
  2 orc knights
  7 orc sorcerers
  2 ugly things
  8 deep elf pyromancers
  A wolf spider (D:13)
  6 cyclopes
  3 manticores
  3 meliai (D:13)
  11 elephants
  A black mamba (shapeshifter) (D:13)
  A kobold blastminer (Orc:2)
  2 black mambas
  10 cane toads
  5 gargoyles
  An unseen horror (D:11)
  An orange demon (Lair:1)
  5 rime drakes
  14 komodo dragons
  7 freezing wraiths
  6 harpy zombies (D:13)
  An ice devil (D:12)
  2 tengu conjurers
  A queen bee (D:9)
  10 polar bears
  A hornet (D:7)
  8 trolls
  Grinder (D:4)
  2 tyrant leeches (Lair:2)
  24 blink frogs
  13 dream sheep
  7 vampires
  7 slime creatures (D:13)
  4 wraiths
  3 water elementals (D:14)
  7 wyverns
  8 basilisks
  42 yaks
  2 shadows
  5 wargs
  5 redbacks
  4 steam dragons
  4 vampire mosquitoes (D:12)
  2 swamp worms (Lair:2)
  Edmund (D:5)
  2 acid dragons
  22 water moccasins
  Duvessa (D:5)
  18 orc warriors
  6 black bears
  A swamp drake (Orc:1)
  8 wolves
  12 ogres
  11 centaurs
  10 kobold brigands
  Blork the orc (D:4)
  2 gnoll sergeants
  15 bullfrogs
  Dowan (D:5)
  13 wights
  24 killer bees
  A bombardier beetle (D:5)
  10 howler monkeys
  12 electric eels
  5 crimson imps
  A lava snake (D:14)
  A hound (D:5)
  15 orc priests
  3 jellies
  An iron imp (Orc:1)
  2 sleepcaps (D:7)
  An iguana (D:7)
  34 orc wizards
  10 adders
  12 gnolls
  3 river rats
  A shadow imp (Orc:1)
  7 white imps
  6 ufetubi
  3 dart slugs
  5 ribbon worms
  68 orcs
  15 ball pythons
  11 endoplasms
  7 giant cockroaches
  9 goblins
  6 hobgoblins
  3 jackals (D:1)
  A quokka (D:3)
  7 bats
  2 frilled lizards
  25 kobolds
  9 rats
779 creatures vanquished.

Vanquished Creatures (collateral kills)
  A wight (D:5)
1 creature vanquished.

Vanquished Creatures (others)
  4 dancing weapons
  An orc wizard (Orc:1)
  7 orcs
12 creatures vanquished.

Grand Total: 792 creatures vanquished

Notes
Turn   | Place    | Note
-------+----------+-------------------------------------------
     0 | D:1      | Drachta the Kobold Enchanter began the quest for the Orb.
     0 | D:1      | Reached XP level 1. HP: 10/10 MP: 3/3
   194 | D:1      | Reached XP level 2. HP: 16/16 MP: 5/5
   197 | D:1      | Learned a level 2 spell: Ensorcelled Hibernation
   360 | D:1      | Reached skill level 1 in Fighting
   744 | D:1      | Reached XP level 3. HP: 20/20 MP: 6/6
   874 | D:2      | Found a white marble altar of Elyvilon.
  1120 | D:2      | Reached XP level 4. HP: 26/26 MP: 4/7
  1220 | D:2      | Reached skill level 5 in Stealth
  1334 | D:2      | Reached XP level 5. HP: 31/31 MP: 5/8
  2323 | D:3      | Found a glowing drain.
  2373 | Sewer    | Entered a sewer
  2478 | Sewer    | Noticed a kobold brigand
  2490 | Sewer    | Killed a kobold brigand
  2491 | Sewer    | Reached skill level 6 in Stealth
  2491 | Sewer    | Reached XP level 6. HP: 31/37 MP: 6/9
  2741 | Sewer    | Reached skill level 1 in Ice Magic
  3071 | Sewer    | Reached XP level 7. HP: 41/41 MP: 8/11
  3240 | Sewer    | Reached skill level 7 in Stealth
  4131 | D:4      | Noticed Blork the orc
  4132 | D:4      | Killed Blork the orc
  4212 | D:4      | Reached XP level 8. HP: 48/48 MP: 6/13
  4342 | D:4      | Noticed Grinder
  4346 | D:4      | Killed Grinder
  4347 | D:4      | Reached skill level 8 in Stealth
  4581 | D:4      | Reached skill level 5 in Fighting
  4835 | D:4      | Found a hide-covered altar of Uskayaw.
  4841 | D:4      | Became a worshipper of Uskayaw the Reveller
  4861 | D:4      | Identified the +4 ring mail "Zasis" {rC+ Regen+}
  5017 | D:3      | Reached * piety under Uskayaw
  5105 | D:4      | Learned a level 3 spell: Confusing Touch
  5109 | D:4      | Learned a level 3 spell: Tukima's Dance
  5113 | D:4      | Learned a level 3 spell: Dazzling Flash
  5197 | D:4      | Found a glowing golden altar of the Shining One.
  5322 | D:5      | Entered Level 5 of the Dungeon
  5329 | D:5      | Reached skill level 9 in Stealth
  5433 | D:5      | Reached XP level 9. HP: 54/54 MP: 15/15
  5465 | D:5      | Found a sparkling altar of Nemelex Xobeh.
  5466 | D:5      | Found a transporter.
  5659 | D:5      | Reached ** piety under Uskayaw
  5660 | D:5      | Reached skill level 1 in Armour
  5729 | D:5      | Noticed Edmund
  5733 | D:5      | Killed Edmund
  5767 | D:5      | Reached skill level 10 in Stealth
  5773 | D:5      | Reached *** piety under Uskayaw
  5846 | D:5      | Noticed Duvessa
  5847 | D:5      | Noticed Dowan
  6027 | D:5      | Found an ornate altar of the Wu Jian Council.
  6249 | D:5      | Found a blossoming altar of Fedhas.
  6377 | D:5      | Killed Duvessa
  6381 | D:5      | Killed Dowan
  6474 | D:6      | Identified the amulet "Ifunumu" {Faith rN+ Will+ Slay+3}
  6521 | D:6      | Reached skill level 5 in Hexes
  6816 | D:6      | Identified the +12 trident of Xupt {spect, Will+ Dex+4}
  7244 | D:6      | Found a shadowy altar of Dithmenos.
  7256 | D:6      | Reached **** piety under Uskayaw
  7783 | D:7      | Found a staircase to the Ecumenical Temple.
  7790 | D:7      | Reached skill level 5 in Spellcasting
  7790 | D:7      | Reached XP level 10. HP: 54/61 MP: 3/17
  7799 | Temple   | Entered the Ecumenical Temple
  8067 | D:7      | Found Xyrenn's Jewellery Shop.
  8091 | D:7      | Reached skill level 11 in Stealth
  8269 | D:7      | Reached skill level 5 in Short Blades
  8870 | D:8      | Found a basalt altar of Yredelemnul.
  8876 | D:8      | Noticed a two-headed ogre
  8888 | D:8      | Killed a two-headed ogre
  8889 | D:8      | Reached skill level 12 in Stealth
  9425 | D:8      | Found an opulent altar of Gozag.
  9456 | D:8      | Found a snail-covered altar of Cheibriados.
  9456 | D:8      | Found a shimmering altar of Xom.
  9678 | D:9      | Found a staircase to the Lair.
  9974 | D:9      | Found an iron altar of Okawaru.
 10054 | D:9      | Reached XP level 11. HP: 67/67 MP: 20/20
 10073 | D:9      | Reached ***** piety under Uskayaw
 10415 | D:9      | Reached skill level 13 in Stealth
 10439 | D:9      | Found a staircase to the Orcish Mines.
 10622 | D:9      | Reached skill level 1 in Invocations
 10625 | D:9      | Reached ****** piety under Uskayaw
 10749 | D:8      | Reached skill level 5 in Ice Magic
 11047 | D:10     | Entered Level 10 of the Dungeon
 11410 | D:10     | Reached skill level 14 in Stealth
 11502 | D:10     | Noticed Nergalle
 11506 | D:10     | Killed Nergalle
 12010 | D:10     | Reached XP level 12. HP: 75/75 MP: 19/22
 13306 | D:12     | Reached skill level 5 in Invocations
 13413 | D:12     | Reached skill level 15 in Stealth
 13438 | D:12     | Noticed a sun demon
 13447 | D:12     | Killed a sun demon
 13475 | D:12     | Identified the +0 leather armour "Duobum" {rPois}
 13719 | D:12     | Found a runed translucent door.
 14575 | D:12     | Noticed diceflayer's ghost (journeyman DsGl)
 14579 | D:12     | Killed diceflayer's ghost
 14694 | Orc:1    | Entered Level 1 of the Orcish Mines
 14837 | D:9      | Reached XP level 13. HP: 73/81 MP: 19/24
 14905 | Orc:2    | Entered Level 2 of the Orcish Mines
 15018 | Orc:1    | Noticed Sonja
 15374 | Orc:2    | Reached skill level 16 in Stealth
 15376 | Orc:2    | Reached skill level 10 in Fighting
 15378 | Orc:2    | Noticed an ogre mage
 15553 | Orc:1    | Killed Sonja
 15973 | Orc:2    | Found a staircase to the Elven Halls.
 16142 | Orc:2    | Killed an ogre mage
 16296 | Orc:2    | Noticed an ogre mage
 16301 | Orc:2    | Noticed Erolcha
 16302 | Orc:2    | Found a radiant altar of Vehumet.
 16331 | Orc:2    | Killed an ogre mage
 16473 | Orc:2    | Noticed an ogre mage
 16731 | Orc:2    | Killed an ogre mage
 16732 | Orc:2    | Reached skill level 5 in Dodging
 16769 | Orc:2    | Found an ancient bone altar of Kikubaaqudgha.
 16839 | Orc:2    | Noticed an ogre mage
 16840 | Orc:2    | Found Vicogott's Antique Weapon Emporium.
 16857 | Orc:2    | Killed an ogre mage
 16890 | Orc:2    | Found Plog's Jewellery Shoppe.
 16912 | Orc:2    | Found Yfucru's Magic Scroll Shoppe.
 16917 | Orc:2    | Bought a scroll of blinking for 75 gold pieces
 16917 | Orc:2    | Bought a scroll of teleportation for 30 gold pieces
 16917 | Orc:2    | Bought a scroll of identify for 20 gold pieces
 16917 | Orc:2    | Bought a scroll of teleportation for 30 gold pieces
 16937 | Orc:2    | Killed Erolcha
 17001 | Orc:2    | Found Lapriora's Magic Scroll Shoppe.
 17006 | Orc:2    | Bought a scroll of fog for 56 gold pieces
 17006 | Orc:2    | Bought a scroll of blinking for 105 gold pieces
 17006 | Orc:2    | Bought a scroll of revelation for 105 gold pieces
 17020 | Orc:2    | Bought a scroll of identify for 28 gold pieces
 17020 | Orc:2    | Bought a scroll of identify for 28 gold pieces
 17020 | Orc:2    | Bought a scroll of identify for 28 gold pieces
 17352 | Orc:1    | Noticed an orc warlord
 17383 | Orc:2    | Killed an orc warlord
 17384 | Orc:2    | Reached skill level 17 in Stealth
 17704 | Lair:1   | Entered Level 1 of the Lair of Beasts
 17735 | Lair:1   | Reached XP level 14. HP: 88/88 MP: 27/27
 17885 | Lair:1   | Noticed Amaemon
 17889 | Lair:1   | Killed Amaemon
 18193 | Lair:1   | Found a transporter.
 18200 | Lair:1   | Found a transporter.
 18200 | Lair:1   | Noticed phunky83's ghost (journeyman FeBe)
 18208 | Lair:1   | Killed phunky83's ghost
 18961 | Lair:2   | Reached skill level 18 in Stealth
 19027 | Lair:2   | Reached skill level 19 in Stealth
 19439 | Lair:2   | Found a staircase to the Swamp.
 20073 | Lair:3   | Identified the +1 leather armour of Supple Strength {Harm
                  | Rampage Dex-5}
 20124 | Lair:3   | Reached skill level 20 in Stealth
 20282 | Lair:3   | Found a hole to the Spider Nest.
 20482 | Lair:3   | Found a hide-covered altar of Uskayaw.
 20482 | Lair:3   | Found an ornate altar of the Wu Jian Council.
 21236 | Lair:4   | Reached XP level 15. HP: 83/96 MP: 21/28
 21879 | Lair:4   | Found a staircase to the Slime Pits.
 21995 | Lair:4   | Reached skill level 21 in Stealth
 22108 | Lair:5   | Entered Level 5 of the Lair of Beasts
 22560 | Lair:5   | Reached skill level 10 in Spellcasting
 22715 | Lair:5   | Reached skill level 5 in Armour
 23037 | Lair:5   | Reached skill level 22 in Stealth
 23764 | Lair:5   | Reached XP level 16. HP: 104/104 MP: 30/30
 24703 | D:13     | Found a gate to the Vaults.
 25026 | D:13     | Reached skill level 23 in Stealth
 25248 | D:13     | Reached skill level 10 in Hexes
 25708 | D:13     | Reached skill level 24 in Stealth
 25817 | D:13     | Identified the +5 flail of Spite {holy, *Corrode MP+9 Str-3
                  | Int+8}
 25819 | D:13     | Got the Secrets of the Gastropod
 25823 | D:13     | Identified the +9 great mace of Recklessness {drain, Will++
                  | SInv}
 26810 | D:14     | Reached XP level 17. HP: 89/111 MP: 26/32
 27369 | D:14     | Learned a level 2 spell: Blink
 27553 | Elf:1    | Entered Level 1 of the Elven Halls
 27766 | Elf:1    | Got Kiat's Cyclopedia of Dhcmrlchtdj
 27784 | Elf:1    | Reached skill level 1 in Translocations
 27839 | Elf:1    | Got the Directory of Sand
 27860 | Elf:1    | Got the Cyclopedia of Plaster Cramp
 27902 | Elf:2    | HP: 2/112 [+3 scimitar of electrocution (9)]
 27910 | Elf:1    | Slain by a +3 scimitar of electrocution

Illustrated notes

Levels and vault maps discovered:
D:1:      minmay_arrival_glassed_features, layout_basic, nrook_loot_triangle
D:2:      layout_loops_ring, serial_bayou, serial_bayou_pond_e,
          serial_bayou_shore_a, serial_bayou_pond_b, serial_bayou_lake_a,
          basic_altar
D:3:      layout_rooms, portal_sewer_entry_b
D:4:      layout_gridville, nicolae_uskayaw_suspiria, marbit_many_paths,
          minmay_increasing_density, uniq_blork_the_orc, uniq_grinder
D:5:      layout_rooms, nicolae_wu_jian_immortal_techniques,
          mainiacjoe_overflow_brackets, grunt_nemelex_the_gamble,
          kennysheep_generic_room_9, uniq_edmund, uniq_duvessa
D:6:      layout_basic, mainiacjoe_overflow_small_starburst
D:7:      layout_loops_ring, minmay_temple_entry_large_hall, serial_shops,
          nicolae_shop_statue_plus, minmay_misc_feat_encased
D:8:      minmay_evil_eye, layout_basic, nicolae_gozag_seed_capital,
          gammafunk_temple_overflow_elements, yredelemnul_altar_generic
D:9:      layout_roguey [special_room_bee], okawaru_ov_weapons_minmay,
          lair_entry_dummy, david_orc_5
D:10:     layout_loops_ring, uniq_nergalle
D:11:     layout_basic
D:12:     layout_loops_corners, ebering_ghost_reflecting_pool,
          minmay_fire_ice_demons
D:13:     bobbens_index_wilting_gardens, layout_small_grid,
          skrybe_vaults_entry_preservation
D:14:     layout_loops_ring, chequers_big_river, corexii_hall_statues_i,
          kennysheep_small_spiral
Temple:   grunt_temple_mini_profane
Lair:1:   layout_layer_cave, gammafunk_ghost_arena, cheibrodos_lair_lostbears,
          uniq_amaemon
Lair:2:   nzn_winding_woodlands_cross [nzn_winding_woodlands_5x15_eye,
          nzn_winding_woodlands_5x15_pockets, nzn_winding_woodlands_5x15_pool,
          nzn_winding_woodlands_5x15_lazy_stream,
          nzn_winding_woodlands_15x15_killbox], layout_cave_shapes,
          minmay_swamp_entry_worms
Lair:3:   layout_regular_city, spider_nest_entry_a,
          nzn_masters_of_martial_movement
Lair:4:   layout_concentric_octagons, dpeg_slime_entry_enclosed, st_stairs_8,
          grunt_megastairs_4, infiniplex_staircase_pool
Lair:5:   grunt_lair_end_beastmaster, layout_layer_cave, grunt_megastairs_5,
          lemuel_fruit_tree, serial_bayou_shore_b
Orc:1:    layout_diamond_mine, hangedman_minor_magic, uniq_sonja
Orc:2:    kennysheep_orc_mage_school, layout_caves
Elf:1:    layout_onion_city, small_chamber_with_monster, minmay_misc_feat_rows,
          bh_hangedman_babel_library
Elf:2:    nicolae_elf_blades_crystal_corner, layout_geoelf_octagon, drop_trap,
          uniq_donald

Skill      XL: |  1  2  3  4  5  6  7  8  9 10 11 12 13 14 15 16 17 |
---------------+----------------------------------------------------+-----
Fighting       | 1 2 3 4 5 6 7 8 9 10 12 13 14 | 14.4
Short Blades   | 2 3 4 5 6 7 8 9 |  9.8
Stealth        | 5 6 7 9 10 12 14 15 17 20 22 24 | 24.0
Ice Magic      | 1 2 3 4 5 6 7 8 9 |  9.0
Spellcasting   | 3 4 5 6 7 9 10 11 | 11.2
Dodging        | 3 4 5 6 7 |  7.0
Hexes          | 4 5 6 7 8 9 10 | 10.5
Armour         | 2 3 4 5 |  5.9
Invocations    | 3 6 7 8 |  8.0
Translocations | 1 |  1.2
Shields        | |  0.8
Conjurations   | |  0.4

Action                     |  1- 3 |  4- 6 |  7- 9 | 10-12 | 13-15 | 16-18 || total
---------------------------+-------+-------+-------+-------+-------+-------++-------
  Melee: Dagger            |    36 |   105 |   144 |   380 |   703 |   352 ||  1720
         Punch             |       |     1 |     2 |     4 |    14 |     3 ||    24
   Cast: Ensorcelled Hiber |     6 |    36 |    72 |   155 |   252 |    73 ||   594
         Tukima's Dance    |       |       |     8 |     9 |     6 |       ||    23
         Confusing Touch   |       |       |       |    12 |     1 |    11 ||    24
         Dazzling Flash    |       |       |       |       |     1 |     2 ||     3
 Invoke: Line Pass         |       |       |       |       |       |     1 ||     1
    Use: Scroll            |       |       |    12 |       |    15 |     1 ||    28
         Potion            |       |       |       |       |     5 |     2 ||     7
   Stab: Sleeping          |    22 |    35 |    71 |   135 |   172 |    71 ||   506
         Distracted        |       |       |     3 |     4 |    10 |     1 ||    18
         Paralysed         |       |       |     2 |    15 |    51 |    16 ||    84
         Confused          |       |       |       |    11 |     1 |    12 ||    24
         Invisible         |       |       |       |       |     4 |       ||     4
         Petrified         |       |       |       |       |     4 |       ||     4
         Petrifying        |       |       |       |       |     3 |       ||     3
 Armour: Robe              |     5 |    54 |     9 |       |       |       ||    68
         Leather armour    |       |       |     9 |       |       |       ||     9
         Ring mail         |       |       |    48 |   207 |   404 |   243 ||   902
  Dodge: Dodged            |    11 |    94 |   122 |   315 |   476 |   302 ||  1320
  Block: Buckler           |       |       |       |       |       |    31 ||    31
